 Dungeon Crawl Stone Soup version 0.30.1-4-g462c640d31 (webtiles) character file.

Game seed: 3509296800515876671

21 ChiefBigBeans the Poker (level 2, -2/23 HPs)
             Began as a Demonspawn Gladiator on June 23, 2023.
             Slain by a cerulean imp
             ... wielding a +1 spear
             ... summoned by Natasha
              (6 damage)
             ... on level 2 of the Dungeon on Aug 31, 2023.
             The game lasted 00:03:52 (1279 turns).

ChiefBigBeans the Poker (Demonspawn Gladiator)      Turns: 1279, Time: 00:03:53

Health: -2/23      AC:  7    Str: 14    XL:     2   Next: 62%
Magic:  2/2        EV:  9    Int:  9    God:
Gold:   87         SH:  3    Dex: 14    Spells: 1/1 levels left

rFire   . . .        a - +0 trident
rCold   . . .        k - +0 buckler
rNeg    . . .        j - +0 scale mail
rPois   .            c - +0 helmet
rElec   .            (no cloak)
rCorr   .            (no gloves)
SInv    .            (no boots)
Will    .....        (no amulet) Stlth
                     (no ring)
HPRegen 0.23/turn    (no ring)
MPRegen 0.16/turn

%: no passive effects
@: slowed, very slow
A: magic regeneration
a: no special abilities


You were on level 2 of the Dungeon.
You visited 1 branch of the dungeon, and saw 2 of its levels.

You collected 87 gold pieces.

Inventory:

Hand Weapons
 a - a +0 trident (weapon)
Missiles
 d - 3 throwing nets (quivered)
 e - a javelin
Armour
 b - a +0 leather armour
 c - a +0 helmet (worn)
 h - a +0 kite shield
 j - a +0 scale mail (worn)
 k - a +0 buckler (worn)
Scrolls
 g - 3 scrolls of identify
 i - a scroll of noise {unknown}
 m - a scroll of amnesia {unknown}
 n - a scroll of fear {unknown}
Potions
 f - a potion of degeneration
 l - a potion of curing {unknown}
 o - a potion of heal wounds
 p - a potion of lignification {unknown}


   Skills:
 + Level 2.3 Fighting
 + Level 2.9 Polearms
 - Level 2.0 Throwing
 + Level 0.4 Armour
 + Level 2.9 Dodging


You had one spell level left.
You didn't know any spells.
Your spell library contained the following spells:

 Spells                   Type           Power      Damage    Failure   Level
 Necrotise                Necr           0%         1d4       95%         1
 Vampiric Draining        Necr           0%         2d6       100%        3
 Agony                    Necr           0%         N/A       100%        5


Dungeon Overview and Level Annotations

Branches:
Dungeon (2/15)

Altars:

Shops:
D:2 *

Annotations:
D:2 Natasha


Innate Abilities, Weirdness & Mutations

You regenerate magic rapidly.


Message History

You barely miss Natasha.
Natasha is lightly wounded.
The cerulean imp barely misses you.
The cerulean imp hits you from afar with a +0 spear.
Natasha claws you. You block the cerulean imp's attack.
The cerulean imp hits you but does no damage.
You are too injured to fight recklessly!
You are too injured to fight recklessly!
You are too injured to fight recklessly!
You are too injured to fight recklessly!
You are too injured to fight recklessly!
You are too injured to fight recklessly!
You are too injured to fight recklessly!
Natasha claws you. The cerulean imp barely misses you.
The cerulean imp hits you but does no damage.
Natasha closely misses you. You block the cerulean imp's attack.
You hit Natasha.
Natasha is moderately wounded.
You block the cerulean imp's attack.
Natasha casts a spell.
You block the cerulean imp's attack. The cerulean imp closely misses you.
Natasha casts a spell at you. You resist with significant effort.
You hit Natasha.
Natasha is moderately wounded.
The cerulean imp hits you but does no damage. x2
Natasha barely misses you.
The cerulean imp hits you from afar with a +2 spear.
* * * LOW HITPOINT WARNING * * *
The cerulean imp hits you from afar with a +0 spear.
* * * LOW HITPOINT WARNING * * *
The cerulean imp closely misses you.
Natasha stares at you and mumbles some strange words.
You resist with significant effort.
You miss Natasha.
Natasha is moderately wounded.
The cerulean imp disappears in a puff of smoke!
The cerulean imp closely misses you.
The cerulean imp hits you from afar with a +1 spear.
You die...

#.# #.# #.# #.# ###.### #..##
#.# #.# #.....# #.#.# #.# #.#
#.....# #...# #.# #.# #.....#
#...# #.# #.# #.....# #...#
#.# #.# #.....# #.55# #.# #.#
####)## #ยง.h# #.# #.#
#####.#####..@# #.# #.#
##)..>.........#######.# #.#
#............#.#.......####.#
#..###......................#
#..# ########################
###..# ...[.# ###.## ....#


You could see Natasha and 2 cerulean imps.

Vanquished Creatures
  2 ball pythons (D:2)
  An endoplasm (D:2)
  A giant cockroach (D:1)
  4 goblins
  2 hobgoblins
  A quokka (D:2)
  A bat (D:1)
  2 frilled lizards (D:1)
  3 kobolds
  3 rats (D:1)
20 creatures vanquished.

Notes
Turn   | Place    | Note
-------+----------+-------------------------------------------
     0 | D:1      | ChiefBigBeans the Demonspawn Gladiator began the quest for
                  | the Orb.
     0 | D:1      | Reached XP level 1. HP: 16/16 MP: 1/1
   211 | D:1      | Upgraded the game from 0.30.0-29-ga12c61a403 to
                  | 0.30.1-4-g462c640d31
   399 | D:1      | Gained mutation: You regenerate magic rapidly. [demonic
                  | ancestry]
   399 | D:1      | Reached XP level 2. HP: 21/22 MP: 2/2
  1129 | D:2      | Found a transporter.
  1131 | D:2      | Found Jutint's Assorted Antiques.
  1134 | D:2      | Found a transporter.
  1269 | D:2      | Noticed Natasha
  1279 | D:2      | Slain by a cerulean imp

Illustrated notes

Levels and vault maps discovered:
D:1:      dpeg_arrival_central, layout_loops_ring
D:2:      layout_loops_ring, serial_shops, nicolae_shop_drivethru, uniq_natasha

Skill      XL: |  1 |
---------------+----+-----
Throwing       | 2 |  2.0
Fighting       | |  2.3
Polearms       | |  2.9
Armour         | |  0.4
Dodging        | |  2.9

Action                     || total
---------------------------++-------
  Melee: Trident           ||    80
    Use: Scroll            ||     1
         Potion            ||     1
 Armour: Leather armour    ||    16
         Scale mail        ||    15
  Dodge: Dodged            ||    43
  Block: Buckler           ||    13
